 Dungeon Crawl Stone Soup version 0.29-a0-542-g075992c915 (webtiles) character file.

Game seed: 3633506149131101811

132249 Flugkiller the Warrior (level 17, -33/160 HPs)
             Began as a Meteoran Chaos Knight on June 3, 2022.
             Was a Plaything of Xom.
             Annihilated by a bunyip (34 damage)
             ... on level 4 of the Swamp.
             The game lasted 00:44:44 (10258 turns).

Flugkiller the Warrior (Meteoran Chaos Knight)     Turns: 10258, Time: 00:44:45

Health: -33/160    AC: 25    Str: 14    XL:     17   Next: 95%
Magic:  18/18      EV: 18    Int: 14    God:    Xom [......]
Gold:   1536       SH: 18    Dex: 29    Spells: 11/16 levels left

rFire   + + .      SeeInvis .   o - +2 Maxwell's thermic engine {flame, freeze}
rCold   + + +      Faith    .   T - +2 kite shield {rF+}
rNeg    . . .      Spirit   .   Z - +0 ice dragon scales
rPois   +          Reflect  .   O - +2 hat
rElec   +          Harm     .   Y - +1 cloak "Bion" {rF+ Dex+4}
rCorr   .          Rampage  .   K - +2 pair of gloves
Will    ++++.                   N - +0 pair of boots
Stlth   +.........              A - amulet of regeneration
HPRegen 1.16/turn               M - ring of Ysoezi Qoty {rElec Will+ Dex+3}
MPRegen 0.16/turn               y - ring of Fehobrax {rPois rF+ Str-4 Dex+6 Slay+3}

@: glowing, studying Throwing
A: sense surroundings 2, otherworldly, glowing, explore regen, horns 1, cold
resistance 3, deterioration 1, strong-willed 1, shaggy fur 1, weak 1
}: 1/15 runes: decaying
a: Renounce Religion


You were on level 4 of the Swamp.
You worshipped Xom.
You were a very special plaything of Xom.
You visited 4 branches of the dungeon, and saw 27 of its levels.
You also visited: Sewer, Ice Cave and Volcano.

You collected 1821 gold pieces.
You spent 285 gold pieces at shops.

Inventory:

Hand Weapons
 o - the +2 Maxwell's thermic engine (weapon) {flame, freeze}
   (You found it on level 3 of the Dungeon)

   It burns those it strikes, dealing additional fire damage.
   Big, fiery blades are also staple armaments of hydra-hunters.
   It freezes those it strikes, dealing additional cold damage.
   It can also slow down cold-blooded creatures.
   It becomes more effective when it hits something.
   This effect fades over time.
Missiles
 b - 6 javelins
 m - a throwing net
 r - a curare-tipped dart
Armour
 u - a +2 plate armour of cold resistance
   (You took it off an orc warrior on level 2 of the Orcish Mines)
 F - a +2 helmet
   (You found it on level 6 of the Dungeon)
 K - a +2 pair of gloves (worn)
   (You found it on level 8 of the Dungeon)
 N - a +0 pair of boots (worn)
   (You found it on level 10 of the Dungeon)
 O - a +2 hat (worn)
   (You found it on level 9 of the Dungeon)
 R - a +0 cloak of fire resistance
   (You found it in a volcano)
 T - a +2 kite shield of fire resistance (worn)
   (You found it in a volcano)
 U - a +2 cloak of preservation
   (You bought it in a shop on level 2 of the Orcish Mines)
 Y - the +1 cloak "Bion" (worn) {rF+ Dex+4}
   (You found it on level 13 of the Dungeon)

   Dex:       It affects your dexterity (+4).
   rF:        It protects you from fire.
 Z - +0 ice dragon scales (worn)
   (You found it on level 5 of the Lair of Beasts)
Jewellery
 c - an amulet of guardian spirit
   (You found it on level 6 of the Lair of Beasts)
 p - a ring of protection from fire
   (You found it on level 4 of the Lair of Beasts)
 y - the ring of Fehobrax (right hand) {rPois rF+ Str-4 Dex+6 Slay+3}
   (You found it on level 11 of the Dungeon)

   [ring of dexterity]

   Str:       It affects your strength (-4).
   Dex:       It affects your dexterity (+6).
   Slay:      It affects your accuracy & damage with ranged weapons and melee
   (+3).
   rF:        It protects you from fire.
   rPois:     It protects you from poison.
 A - an amulet of regeneration (around neck)
   (You took it off a kobold on level 4 of the Dungeon)
 H - a ring of wizardry
   (Xom gifted it to you on level 5 of the Lair of Beasts)
 J - a +4 ring of protection
   (You found it on level 13 of the Dungeon)
 M - the ring of Ysoezi Qoty (left hand) {rElec Will+ Dex+3}
   (You found it on level 11 of the Dungeon)

   [ring of willpower]

   Dex:       It affects your dexterity (+3).
   rElec:     It insulates you from electricity.
   Will:      It increases your willpower.
Wands
 e - a wand of digging (17)
   (You found it on level 6 of the Lair of Beasts)
 D - a wand of iceblast (27)
   (You found it on level 3 of the Dungeon)
 L - a wand of paralysis (7)
   (You found it on level 9 of the Dungeon)
 P - a wand of mindburst (14)
   (You found it on level 9 of the Dungeon)
 W - a wand of acid (26)
   (Xom gifted it to you on level 12 of the Dungeon)
Scrolls
 f - 2 scrolls of fear
 l - 4 scrolls of vulnerability
 t - 7 scrolls of teleportation
 z - 3 scrolls of blinking
 B - a scroll of magic mapping
 G - 5 scrolls of immolation
 I - 2 scrolls of enchant weapon
 Q - a scroll of brand weapon
 S - a scroll of summoning
 V - 3 scrolls of fog
Potions
 d - 11 potions of might
 g - 2 potions of ambrosia
 h - 7 potions of haste
 i - 5 potions of attraction
 j - 4 potions of magic
 k - 4 potions of flight
 n - a potion of resistance
 q - 8 potions of curing
 s - 3 potions of mutation
 v - 2 potions of brilliance
 w - 8 potions of heal wounds
 x - a potion of berserk rage
 E - 2 potions of cancellation
Miscellaneous
 a - a lightning rod (4/4)
   (You found it in an ice cave)
 X - a tin of tremorstones (inert)
   (You found it on level 5 of the Lair of Beasts)


   Skills:
 + Level 16.8 Fighting
 - Level 16.0 Long Blades
 - Level 4.4(4.7) Axes
 - Level 2.7(4.1) Maces & Flails
 - Level 14.0 Throwing
 + Level 14.2 Armour
 * Level 12.7 Dodging
 + Level 13.3 Shields
 - Level 8.0 Evocations


You had 11 spell levels left.
You knew the following spells:

 Your Spells              Type           Power      Damage    Failure   Level
a - Summon Forest         Summ/Tloc      0%         N/A       100%        5

Your spell library contained the following spells:

 Spells                   Type           Power      Damage    Failure   Level
 Blink                    Tloc           0%         N/A       96%         2
 Sublimation of Blood     Necr           0%         N/A       96%         2
 Wereblood                Tmut           0%         N/A       96%         2
 Call Canine Familiar     Summ           0%         N/A       99%         3
 Lesser Beckoning         Tloc           0%         N/A       99%         3
 Portal Projectile        Hex/Tloc       0%         N/A       99%         3
 Tukima's Dance           Hex            0%         N/A       99%         3
 Fulminant Prism          Conj/Hex       0%         3d6       100%        4
 Iskenderun's Mystic Bla  Conj/Tloc      0%         2d3       100%        4
 Leda's Liquefaction      Hex/Erth       0%         N/A       100%        4
 Passage of Golubria      Tloc           0%         N/A       100%        4
 Freezing Cloud           Conj/Ice/Air   0%         6-21      100%        5
 Lee's Rapid Deconstruct  Erth           0%         3d5*      100%        5
 Manifold Assault         Tloc           0%         N/A       100%        5
 Summon Mana Viper        Hex/Summ       0%         N/A       100%        5
 Yara's Violent Unravell  Hex/Tmut       0%         3d3       100%        5
 Dispersal                Tloc           0%         N/A       100%        6
 Simulacrum               Ice/Necr       0%         N/A       100%        6
 Statue Form              Tmut/Erth      0%         N/A       100%        6
 Summon Cactus Giant      Summ           0%         N/A       100%        6
 Summon Hydra             Summ           0%         N/A       100%        7
 Disjunction              Tloc           0%         N/A       100%        8
 Polar Vortex             Ice            0%         N/A       100%        9


Dungeon Overview and Level Annotations

Branches:
Dungeon (15/15)            Temple (0/1) D:6            Lair (6/6) D:9
  Swamp (4/4) Lair:4       Spider (0/4) Lair:2        Slime (0/5) Lair:5
    Orc (2/2) D:12            Elf (0/3) Orc:2        Vaults (0/5) D:13
 Depths (0/4) D:15          Sewer (visited)           IceCv (visited)
Volcano (visited)

Altars:
Elyvilon
Gozag
Makhleb
Nemelex Xobeh
Uskayaw
Wu Jian
Xom
The Shining One
Beogh
Jiyva

Shops:
D:1 *   D:7 (   D:9 *   D:12 (   Orc:2 (([(

Annotations:
D:5 2 transporters, Finra's ghost, novice MiFi
D:7 Dowan; Duvessa
Orc:2 1 runed translucent door, HoaS's ghost, journeyman KoHu


Innate Abilities, Weirdness & Mutations

You passively map the area around you.
You are easily found by Zot.
You glow in the dark.
You regain HP and MP as you explore.
You have a pair of small horns on your head.
Your flesh is almost immune to the effects of cold. (rC+++)
Your body sometimes deteriorates upon taking damage.
You are strong-willed. (Will+)
You are covered in fur. (AC +1)
You are weak. (Str -2)


Message History

You slice the ghoul!! You burn the ghoul. You freeze the ghoul.
The ghoul is severely damaged.
You block the ghoul's attack. The ghoul claws you!
You closely miss the ghoul.
The ghoul is severely damaged.
You slash the ghoul! You burn the ghoul. You freeze the ghoul.
The ghoul is almost destroyed.
The ghoul misses you. You block the ghoul's attack.
You closely miss the ghoul. Your headbutt misses the ghoul.
The ghoul is almost destroyed.
The ghoul claws you! The ghoul claws you but does no damage.
You slice the ghoul!! You burn the ghoul.
You destroy the ghoul!
You see here a +0 robe.
Things that are here:
a +0 club; a +0 robe; an ogre corpse You enter the shallow water.
Moving in this stuff is going to be slow.
A spriggan air mage and a bunyip come into view.
Found a short sword and a hunting sling.
The bunyip gives a hideous shriek! "Have a taste of chaos, mortal."
The spriggan air mage's +0 morningstar erupts in a glittering mayhem of colour.
The spriggan air mage waves its arms in wide circles.
The air twists around and strikes you!
The bunyip howls a warning cry!
You hear a shout! x4
Things that are here:
a +0 club; a +0 robe; an ogre corpse The spriggan air mage waves its arms in wide circles.
The air twists around and strikes you!!
You barely miss the bunyip. You headbutt the bunyip!
The bunyip is lightly wounded.
The bunyip claws you but does no damage.
The bunyip completely misses you. You block the bunyip's attack.
The spriggan air mage gestures at you while chanting.
The bolt of lightning misses you.
You hear a shout!
You slash the bunyip! You burn the bunyip. You freeze the bunyip.
The bunyip is moderately wounded.
You slash the bunyip! You burn the bunyip. You freeze the bunyip.
The bunyip is heavily wounded.
You miss the spriggan air mage.
A spriggan druid comes into view. It is wielding a +0 quarterstaff.
You block the spriggan air mage's attack.
The bunyip claws you! You block the bunyip's attack.
The bunyip barely misses you.
You miss the spriggan air mage. You headbutt the spriggan air mage!
The spriggan air mage is lightly wounded.
You block the spriggan air mage's attack.
You completely miss the spriggan air mage.
Your headbutt misses the spriggan air mage.
The spriggan air mage is lightly wounded.
You completely miss the spriggan air mage.
You headbutt the spriggan air mage.
The spriggan air mage is moderately wounded.
You block the spriggan air mage's attack.
You hit the bunyip. You burn the bunyip. You freeze the bunyip.
Your headbutt misses the bunyip.
The bunyip is heavily wounded. "This might be better!"
The spriggan air mage seems to grow stronger.
You block the bunyip's attack. x3
The spriggan air mage waves its arms in wide circles.
The air twists around and strikes you!
The spriggan druid hits you with a +0 quarterstaff!
You slash the bunyip! You burn the bunyip. You freeze the bunyip.
You headbutt the bunyip, but do no damage.
The bunyip is severely wounded.
The spriggan air mage waves its arms in wide circles.
The air twists around and strikes you!
* * * LOW HITPOINT WARNING * * *
The spriggan druid hits you with a +0 quarterstaff!
* * * LOW HITPOINT WARNING * * *
The tremorstone explodes into fragments!
The burst of rock shards engulfs you but does no damage.
The burst of rock shards engulfs the spriggan air mage!
The burst of rock shards engulfs the spriggan druid!
The burst of rock shards engulfs the spriggan air mage.
You hear a hideous shriek!
You hear a chilling moan.
You hear a shout!
The spriggan druid closely misses you.
The spriggan air mage completely misses you.
The tremorstone explodes into fragments!
The burst of rock shards engulfs the spriggan druid.
The burst of rock shards engulfs the spriggan air mage!
The burst of rock shards engulfs the spriggan druid!! x2
With its final breath, the spriggan druid offers up its power to the beasts of the wild!
The bunyip is healed.
The bunyip seems to grow more fierce.
You kill the spriggan druid!
You hear a splash. x4
The burst of rock shards engulfs the bunyip.
The tin is emptied!
You hear a shout!
A bunyip comes into view.
The bunyip claws you!!!
* * * LOW HITPOINT WARNING * * *
Xom roars with laughter!
The bunyip misses you. The bunyip claws you!!
You die...
Xom chuckles heartily!

≈, *####### , , , , *
#≈≈.♣..≈#** ≈ ≈
,###♣.≈≈♣♣♣≈≈≈♣## , ,
##.≈≈≈≈≈≈♣.≈≈≈..≈ , ≈ . ,
≈ ≈##≈##§≈≈≈≈♣.≈≈§)## ≈
,). ≈ , #≈.#∩##♣≈≈♣≈≈♣##)#
≈ ..., #♣≈≈†#≈## ♣≈ ##≈#.
, .≈.x, #≈[..#≈.##♣≈
##.≈#. ,
..i≈.,#♣x@≈≈##≈.## ##.≈##≈
≈
..≈)..#≈§i≈≈♣#≈≈≈♣#♣≈≈≈#♣.
≈,, , ,
#x§≈≈§≈.##♣≈.§.≈♣##≈. ,,
,, #≈≈♣≈≈≈..##..≈.≈##.≈. ≈
, #.≈§.≈≈≈##♣≈≈.≈≈♣##≈. ,
, #.≈≈.♣####♣≈.8≈.♣####
,,, ≈#§.♣###.≈#≈≈≈♣≈≈≈#).#
, #♣♣##..≈≈.#♣♣♣♣♣#≈.≈. ≈,
* #######)#######§###


You could see 2 bunyips and a spriggan air mage (strong, repels missiles).

Vanquished Creatures
  Rupert (D:13)
  3 fenstrider witches (Swamp:4)
  An orc warlord (Orc:2)
  2 ghouls (Swamp:4)
  A reaper (Swamp:4)
  A stone giant (D:15)
  Nessos (D:13)
  4 eleionomae
  A bunyip (Swamp:2)
  A minotaur (Orc:2)
  A green death (Swamp:4)
  2 shambling mangroves
  11 hydras
  A rakshasa (D:15)
  An ice dragon (Lair:5)
  3 ogre magi (Swamp:4)
  6 alligators
  A spriggan air mage (Swamp:4)
  2 centaur warriors (D:15)
  4 two-headed ogres
  10 death yaks
  3 orc high priests (Orc:2)
  Urug (D:13)
  5 spriggans
  The ghost of Sapher the Thaumaturge, a novice MeTm of Vehumet (Lair:2)
  2 sixfirhies (Swamp:4)
  A death drake (Swamp:2)
  2 goliath frogs (Swamp:1)
  A swamp dragon (Swamp:3)
  A spriggan druid (Swamp:4)
  3 wizards
  2 bog bodies
  5 orc knights
  2 deep elf zephyrmancers (Swamp:4)
  2 deep elf pyromancers
  2 ugly things
  2 harpies (shapeshifter)
  6 orc sorcerers
  7 manticores
  A wolf spider (D:13)
  2 will-o-the-wisps
  3 cyclopes
  3 black mambas
  2 ice statues (IceCv)
  A torpor snail (Lair:2)
  A gargoyle (D:12)
  11 cane toads
  Maurice (Orc:1)
  Maggie (D:7)
  A demonic crawler (Lair:2)
  An efreet (Volcano)
  9 komodo dragons
  A rime drake (Lair:1)
  A freezing wraith (IceCv)
  6 hellwings (Swamp:4)
  7 trolls
  13 polar bears
  10 hornets
  5 tyrant leeches
  5 slime creatures (D:13)
  12 blink frogs
  2 raiju (Lair:6)
  A centaur simulacrum (D:15)
  A culicivora (shapeshifter) (Orc:2)
  47 yaks
  15 humans (D:13)
  3 fire elementals (Volcano)
  2 basilisks
  8 wyverns
  A wraith (D:12)
  A chaos spawn (Swamp:4)
  A death yak simulacrum (IceCv)
  12 wargs
  19 vampire mosquitoes
  An acid dragon (D:14)
  13 swamp worms
  13 water moccasins
  11 hell hounds (Lair:6)
  4 swamp drakes
  38 orc warriors
  5 ice beasts
  13 black bears
  43 wolves
  4 ogres
  11 centaurs
  A phantom (D:5)
  2 necrophages (D:7)
  3 kobold brigands
  5 bullfrogs
  6 scorpions
  7 wights
  An elephant simulacrum (IceCv)
  2 howler monkeys (D:5)
  3 hounds
  28 orc priests
  2 iguanas
  25 orc wizards
  5 hell rats (Lair:2)
  A wolf simulacrum (IceCv)
  12 adders
  7 gnolls
  4 river rats
  A shadow imp (D:7)
  An ufetubus (D:7)
  3 worms
  4 dart slugs
  129 orcs
  4 ball pythons
  6 bats
  5 endoplasms
  2 giant cockroaches (Lair:2)
  7 goblins
  4 hobgoblins
  3 jackals (D:1)
  17 kobolds
  3 quokkas
  7 frilled lizards
  10 rats
792 creatures vanquished.

Vanquished Creatures (collateral kills)
  A hydra (D:13)
  A centaur warrior (D:13)
  An alligator (Swamp:1)
  2 death yaks (Lair:5)
  A spriggan druid (Swamp:1)
  A cane toad (Lair:4)
  A raiju (Lair:6)
  A spriggan (Swamp:1)
  A warg (Lair:6)
  A swamp drake (Swamp:1)
  A black bear (Lair:6)
  A wolf (Lair:4)
  2 centaurs (D:13)
  An orc priest (Orc:1)
  An orc (Orc:1)
17 creatures vanquished.

Vanquished Creatures (others)
  An eleionoma (Swamp:1)
  A bloated husk (Swamp:1)
  A hell hound (Lair:6)
  3 orcs
  14 foxfires
  25 fungi
  36 plants
81 creatures vanquished.

Grand Total: 890 creatures vanquished

Notes
Turn   | Place    | Note
-------+----------+-------------------------------------------
     0 | D:1      | Flugkiller the Meteoran Chaos Knight began the quest for
                  | the Orb.
     0 | D:1      | Reached XP level 1. HP: 19/19 MP: 2/2
    61 | D:1      | Reached XP level 2. HP: 16/26 MP: 3/3
    81 | D:1      | Found Nayseiv's General Store.
   171 | D:1      | Reached skill level 1 in Maces & Flails
   180 | D:1      | Reached XP level 3. HP: 29/31 MP: 4/4
   299 | D:1      | Found a faded altar of an unknown god.
   452 | D:3      | Found the +2 Maxwell's thermic engine {flame, freeze}
   486 | D:3      | Identified the amulet of the Heavens {Harm rElec Regen+
                  | Int+2}
   535 | D:3      | XOM: divination: detect creatures
   565 | D:3      | Reached XP level 4. HP: 38/38 MP: 5/5
   592 | D:3      | Reached skill level 1 in Long Blades
   597 | D:3      | XOM: silly message
   609 | D:3      | Found a glowing drain.
   646 | Sewer    | Entered a sewer
   741 | Sewer    | Reached XP level 5. HP: 46/46 MP: 6/6
   855 | D:3      | XOM: silly message
   881 | D:4      | Noticed an ogre
   889 | D:3      | Found a white marble altar of Elyvilon.
   914 | D:4      | Reached skill level 1 in Evocations
   914 | D:4      | Reached XP level 6. HP: 49/52 MP: 7/7
  1100 | D:4      | Killed an ogre
  1101 | D:4      | Reached XP level 7. HP: 37/60 MP: 8/8
  1129 | D:5      | Entered Level 5 of the Dungeon
  1152 | D:5      | XOM: potion effect (curing)
  1156 | D:5      | Reached skill level 5 in Fighting
  1168 | D:5      | XOM: potion effect (might)
  1174 | D:5      | Reached XP level 8. HP: 54/68 MP: 9/9
  1190 | D:5      | XOM: smoke on damage
  1250 | D:6      | Reached skill level 5 in Long Blades
  1250 | D:6      | Reached skill level 5 in Dodging
  1265 | D:6      | Found a staircase to the Ecumenical Temple.
  1310 | D:5      | Noticed Finra's ghost (novice MiFi)
  1310 | D:5      | Found a transporter.
  1310 | D:5      | Found a transporter.
  1409 | D:6      | XOM: give mutations
  1409 | D:6      | Gained mutation: Your body sometimes deteriorates upon
                  | taking damage. [Xom's mischief]
  1409 | D:6      | Gained mutation: You sometimes lose the ability to read
                  | scrolls when taking damage. [Xom's mischief]
  1409 | D:6      | Gained mutation: You are clumsy. (Dex -2) [Xom's mischief]
  1486 | D:6      | Gained mutation: You passively map the area around you.
                  | [Meteoran growth]
  1486 | D:6      | Reached XP level 9. HP: 28/75 MP: 10/10
  1519 | D:6      | Reached skill level 5 in Evocations
  1615 | D:6      | XOM: give mutations
  1615 | D:6      | Gained mutation: Your flesh is cold resistant. (rC+) [Xom's
                  | mischief]
  1615 | D:6      | Gained mutation: You have a pair of small antennae on your
                  | head. [Xom's mischief]
  1615 | D:6      | Lost mutation: You have a pair of small antennae on your
                  | head. [Xom's mischief]
  1615 | D:6      | Lost mutation: You sometimes lose the ability to read
                  | scrolls when taking damage. [Xom's mischief]
  1634 | D:6      | XOM: blink monster(s)
  1677 | D:5      | XOM: enchant monster (bad)
  1847 | D:6      | XOM: stat loss: -1 Int (13/14)
  1897 | D:6      | XOM: give mutations
  1897 | D:6      | Gained mutation: You are weak. (Str -2) [Xom's mischief]
  1897 | D:6      | Gained mutation: Your body often deteriorates upon taking
                  | damage. [Xom's mischief]
  1915 | D:7      | Noticed Maggie
  1921 | D:7      | XOM: smoke on damage
  1922 | D:7      | XOM: blink monster(s)
  1929 | D:7      | Noticed Duvessa
  1931 | D:7      | Noticed Dowan
  1931 | D:7      | HP: 1/79 [Maggie/bolt of fire (24)]
  1934 | D:7      | Killed Maggie
  1940 | D:7      | Lost mutation: Your body often deteriorates upon taking
                  | damage. [potion of mutation]
  1940 | D:7      | Lost mutation: You are clumsy. (Dex -2) [potion of
                  | mutation]
  1940 | D:7      | Gained mutation: You are partially covered in iridescent
                  | scales. (AC +2) [potion of mutation]
  1940 | D:7      | Gained mutation: You are covered in fur. (AC +1) [potion of
                  | mutation]
  1949 | D:7      | Reached XP level 10. HP: 13/88 MP: 11/11
  2091 | D:7      | Found Reveyn's Weapon Emporium.
  2220 | D:8      | XOM: noise
  2220 | D:8      | Noticed a two-headed ogre
  2229 | D:8      | XOM: divination: detect creatures
  2233 | D:8      | XOM: swap monsters
  2244 | D:8      | XOM: cleaving
  2247 | D:8      | Killed a two-headed ogre
  2438 | D:8      | Found an ornate altar of the Wu Jian Council.
  2444 | D:8      | Found a sparkling altar of Nemelex Xobeh.
  2446 | D:8      | Found a burning altar of Makhleb.
  2447 | D:8      | Found a hide-covered altar of Uskayaw.
  2465 | D:8      | Found an opulent altar of Gozag.
  2532 | D:8      | Reached skill level 10 in Long Blades
  2555 | D:8      | XOM: polymorph water moccasin -> swamp drake
  2663 | D:9      | Reached skill level 10 in Fighting
  2717 | D:9      | Found a staircase to the Lair.
  2718 | D:9      | Noticed a komodo dragon
  2727 | D:9      | XOM: butterfly on damage
  2730 | D:9      | Killed a komodo dragon
  2939 | D:10     | Entered Level 10 of the Dungeon
  3033 | D:10     | Noticed a two-headed ogre
  3036 | D:10     | Reached XP level 11. HP: 93/99 MP: 12/12
  3042 | D:10     | Killed a two-headed ogre
  3048 | D:10     | Reached skill level 5 in Armour
  3135 | D:10     | XOM: divination: detect creatures
  3253 | D:9      | Found Veklyj's CLEARANCE SALE!.
  3261 | D:9      | Bought 2 potions of might for 40 gold pieces
  3261 | D:9      | Bought a potion of might for 20 gold pieces
  3444 | Lair:1   | Entered Level 1 of the Lair of Beasts
  3467 | Lair:1   | XOM: confusion
  3472 | Lair:1   | XOM: confuse monster(s)
  3477 | Lair:1   | XOM: enchant monster (bad)
  3560 | Lair:1   | XOM: silly message
  3600 | Lair:1   | HP: 3/100 [cane toad (10)]
  3625 | Lair:1   | Found a dark tunnel.
  3630 | Lair:1   | XOM: draining
  3635 | Volcano  | Entered a volcano
  3748 | Volcano  | XOM: fake destruction
  3903 | Lair:1   | Reached skill level 1 in Shields
  3916 | Lair:1   | XOM: enchant monster (bad)
  3917 | Lair:1   | XOM: confuse monster(s)
  3919 | Lair:1   | XOM: divination: detect creatures
  3923 | Lair:1   | Reached XP level 12. HP: 108/108 MP: 13/13
  3923 | Lair:1   | XOM: blink monster(s)
  4056 | Lair:2   | Noticed a seven-headed hydra
  4062 | Lair:2   | Killed a two-headed hydra
  4064 | Lair:2   | XOM: enchant monster (bad)
  4078 | Lair:2   | Found a hole to the Spider Nest.
  4090 | Lair:3   | XOM: summons 2 hostile shadow creatures
  4091 | Lair:3   | Noticed a seven-headed hydra
  4098 | Lair:3   | XOM: cast spell 'Summon Mana Viper'
  4122 | Lair:3   | XOM: confusion (+ monsters)
  4131 | Lair:3   | Reached skill level 10 in Armour
  4196 | Lair:2   | Noticed a five-headed hydra
  4204 | Lair:2   | Killed a one-headed hydra
  4205 | Lair:2   | Reached skill level 5 in Shields
  4227 | Lair:2   | XOM: enchant monster (bad)
  4262 | Lair:2   | Found a runed translucent door.
  4262 | Lair:2   | Noticed Sapher's ghost (novice MeTm)
  4264 | Lair:2   | XOM: swap monsters
  4265 | Lair:2   | XOM: 1-stop teleportation journey
  4354 | Lair:2   | Killed Sapher's ghost
  4358 | Lair:2   | XOM: 1-stop teleportation journey
  4428 | Lair:2   | Reached XP level 13. HP: 117/117 MP: 14/14
  4428 | Lair:2   | XOM: cleaving
  4593 | Lair:3   | XOM: cast spell 'Leda's Liquefaction'
  4599 | Lair:3   | XOM: confuse monster(s)
  4672 | Lair:4   | XOM: cast spell 'Monstrous Menagerie'
  4709 | Lair:4   | Noticed a seven-headed hydra
  4712 | Lair:4   | XOM: divination: magic mapping
  4712 | Lair:4   | Noticed a four-headed hydra
  4716 | Lair:4   | XOM: summons 6 friendly demons
  4740 | Lair:3   | XOM: 2-stop teleportation journey
  4770 | Lair:4   | Killed a one-headed hydra
  4794 | Lair:4   | Killed a one-headed hydra
  4806 | Lair:4   | Noticed a death yak
  4808 | Lair:4   | XOM: summons friendly shadow imp
  4813 | Lair:4   | Killed a death yak
  4982 | Lair:5   | XOM: enchant monster (good)
  4989 | Lair:5   | XOM: summons friendly quasit
  5010 | Lair:5   | XOM: enchant monster (good)
  5070 | Lair:5   | Found a frozen archway.
  5072 | Lair:5   | Noticed an ice dragon
  5085 | Lair:5   | Reached XP level 14. HP: 129/129 MP: 15/15
  5120 | IceCv    | Entered an ice cave
  5138 | IceCv    | Found a transporter.
  5147 | IceCv    | Found a transporter.
  5174 | IceCv    | XOM: polymorph ice beast -> warg
  5186 | IceCv    | XOM: potion effect (brilliance)
  5187 | IceCv    | XOM: polymorph warg -> scorpion
  5190 | IceCv    | XOM: fake destruction
  5243 | Lair:5   | XOM: scenery: create altars
  5246 | Lair:5   | XOM: fog
  5256 | Lair:5   | XOM: 1-stop teleportation journey
  5267 | Lair:5   | XOM: cleaving
  5268 | Lair:5   | Reached skill level 10 in Shields
  5340 | Lair:5   | XOM: summons 9 friendly demons
  5344 | Lair:5   | XOM: summons 2 friendly demons
  5350 | Lair:5   | XOM: confuse monster(s)
  5396 | Lair:5   | Found a viscous altar of Jiyva.
  5396 | Lair:5   | Found a staircase to the Slime Pits.
  5458 | Lair:5   | XOM: god gift: ring of wizardry
  5479 | Lair:6   | Entered Level 6 of the Lair of Beasts
  5485 | Lair:6   | XOM: god gift: 42 gold pieces
  5580 | Lair:6   | Noticed Sonja
  5582 | Lair:6   | Noticed Sonja
  5582 | Lair:6   | Sonja changed into Sonja the blink frog
  5589 | Lair:6   | Noticed Sonja
  5589 | Lair:6   | Sonja the blink frog changed into Sonja the troll
  5589 | Lair:6   | XOM: polymorph Sonja the blink frog -> Sonja the troll
  5595 | Lair:6   | Killed Sonja the troll
  5684 | Lair:6   | XOM: cast spell 'Summon Horrible Things'
  5777 | Lair:6   | XOM: confusion
  5787 | Lair:6   | XOM: blink monster(s)
  5789 | Lair:6   | XOM: potion effect (brilliance)
  5796 | Lair:6   | XOM: scenery: summon butterflies
  5798 | Lair:6   | XOM: enchant monster (good)
  5803 | Lair:6   | XOM: cast spell 'Cause Fear'
  5848 | Lair:6   | Reached XP level 15. HP: 131/139 MP: 16/16
  5865 | Lair:6   | XOM: enchant monster (good)
  5884 | Lair:6   | XOM: blink monster(s)
  5887 | Lair:6   | XOM: summons friendly ufetubus
  5891 | Lair:6   | XOM: potion effect (might)
  5905 | Lair:6   | XOM: polymorph ufetubus -> white imp
  5918 | Lair:6   | XOM: silly message
  5948 | Lair:6   | Identified the +3 leather armour "Zits" {-Tele rN++ Str+9
                  | Dex-2}
  5982 | Lair:6   | Identified a scroll of acquirement
  5985 | Lair:6   | Acquired a manual of Throwing
  6020 | Lair:6   | XOM: cleaving
  6425 | D:11     | Identified the ring of Ysoezi Qoty {rElec Will+ Dex+3}
  6652 | D:11     | Identified the ring of Fehobrax {rPois rF+ Str-4 Dex+6
                  | Slay+3}
  6773 | D:12     | Found a staircase to the Orcish Mines.
  6806 | D:12     | XOM: summons 2 friendly demons
  6816 | D:12     | Reached skill level 15 in Long Blades
  6834 | Orc:1    | Entered Level 1 of the Orcish Mines
  6844 | Orc:1    | XOM: divination: magic mapping
  6853 | Orc:1    | Noticed Maurice
  6862 | Orc:1    | Killed Maurice
  6881 | Orc:2    | Entered Level 2 of the Orcish Mines
  6891 | Orc:2    | XOM: enchant monster (good)
  6935 | Orc:1    | XOM: enchant monster (bad)
  6944 | Orc:1    | Reached skill level 15 in Fighting
  6998 | Orc:2    | XOM: cast spell 'Statue Form'
  7026 | Orc:2    | Found Ecaxaluo's Antique Weapon Boutique.
  7078 | Orc:2    | Noticed an orc warlord
  7110 | Orc:2    | XOM: confuse monster(s)
  7120 | Orc:2    | Killed an orc warlord
  7121 | Orc:2    | XOM: divination: detect items
  7167 | Orc:2    | XOM: cast spell 'Olgreb's Toxic Radiance'
  7170 | Orc:2    | XOM: enchant monster (bad)
  7197 | Orc:2    | Found Poucauje's Antique Armour Shop.
  7201 | Orc:2    | Found Kaeder's Antique Weapon Boutique.
  7218 | Orc:2    | Bought an embroidered cloak for 225 gold pieces
  7251 | Orc:2    | Noticed an orc warlord
  7261 | Orc:2    | XOM: silly message
  7285 | Orc:2    | an orc warlord changed into a minotaur
  7285 | Orc:2    | XOM: polymorph orc warlord -> minotaur
  7287 | Orc:2    | XOM: swap monsters
  7371 | Orc:2    | Found a runed translucent door.
  7371 | Orc:2    | Noticed HoaS's ghost (journeyman KoHu)
  7463 | Orc:2    | Found a staircase to the Elven Halls.
  7505 | Orc:1    | XOM: polymorph orc warrior -> shapeshifter
  7512 | Orc:2    | XOM: swap monsters
  7516 | Orc:2    | XOM: polymorph orc warrior -> water moccasin
  7532 | Orc:1    | Reached skill level 10 in Dodging
  7541 | Orc:2    | Reached XP level 16. HP: 109/149 MP: 17/17
  7614 | Orc:2    | Found Gamamen's Weapon Shoppe.
  7745 | D:12     | Found Raojeg's Weapon Boutique.
  7754 | D:12     | XOM: god gift: wand of acid (4)
  8015 | D:11     | XOM: give mutations
  8015 | D:11     | Gained mutation: Your flesh is very cold resistant. (rC++)
                  | [Xom's grace]
  8015 | D:11     | Gained mutation: You have a pair of small horns on your
                  | head. [Xom's grace]
  8094 | D:13     | Noticed Rupert
  8094 | D:13     | Noticed Nessos
  8094 | D:13     | Noticed Urug
  8094 | D:13     | Found a gate to the Vaults.
  8098 | D:13     | XOM: 2-stop teleportation journey
  8153 | D:13     | Killed Urug
  8164 | D:13     | XOM: summons friendly crimson imp
  8166 | D:13     | Killed Rupert
  8167 | D:13     | Reached skill level 5 in Throwing
  8206 | D:13     | XOM: cleaving
  8219 | D:13     | Killed Nessos
  8221 | D:13     | XOM: cleaving
  8233 | D:13     | XOM: polymorph human -> shapeshifter
  8237 | D:13     | XOM: cast spell 'Monstrous Menagerie'
  8248 | D:13     | Identified the +1 cloak "Bion" {rF+ Dex+4}
  8332 | D:13     | Reached skill level 10 in Throwing
  8417 | D:14     | XOM: give mutations
  8417 | D:14     | Gained mutation: You are strong-willed. (Will+) [Xom's
                  | grace]
  8417 | D:14     | Gained mutation: Your flesh is almost immune to the effects
                  | of cold. (rC+++) [Xom's grace]
  8563 | D:15     | Entered Level 15 of the Dungeon
  8603 | D:15     | XOM: fog
  8612 | D:15     | XOM: fog
  8675 | D:15     | Found a staircase to the Depths.
  8698 | D:15     | XOM: summons 2 hostile shadow creatures
  8706 | D:15     | XOM: blink monster(s)
  8710 | D:15     | XOM: enchant monster (bad)
  8713 | D:15     | XOM: smoke on damage
  8815 | D:15     | Found a glowing golden altar of the Shining One.
  8839 | D:15     | XOM: 6-stop teleportation journey
  9397 | Lair:4   | Found a staircase to the Swamp.
  9418 | Swamp:1  | Entered Level 1 of the Swamp
  9431 | Swamp:1  | XOM: stat loss: -1 Dex (28/29)
  9441 | Swamp:1  | XOM: blink monster(s)
  9450 | Swamp:1  | XOM: swap monsters
  9455 | Swamp:1  | XOM: swap monsters
  9498 | Swamp:1  | XOM: blink monster(s)
  9504 | Swamp:1  | XOM: cast spell 'Summon Dragon'
  9518 | Swamp:1  | Reached XP level 17. HP: 141/158 MP: 18/18
  9622 | Swamp:2  | XOM: swap monsters
  9623 | Swamp:2  | XOM: summons 7 friendly demons
  9631 | Swamp:2  | XOM: repel stairs
  9685 | Swamp:3  | XOM: silly message
  9694 | Swamp:2  | XOM: fake destruction
  9711 | Swamp:2  | XOM: enchant monster (good)
  9744 | Swamp:2  | XOM: divination: detect items
  9771 | Swamp:2  | XOM: silly message
  9781 | Swamp:1  | XOM: silly message
  9803 | Swamp:1  | XOM: silly message
  9874 | Swamp:4  | Entered Level 4 of the Swamp
  9878 | Swamp:4  | XOM: potion effect (brilliance)
  9927 | Swamp:4  | XOM: potion effect (heal wounds)
  9944 | Swamp:4  | Learned a level 5 spell: Summon Forest
  9963 | Swamp:4  | XOM: cloud trail
 10019 | Swamp:4  | XOM: silly message
 10020 | Swamp:4  | XOM: potion effect (might)
 10076 | Swamp:4  | XOM: potion effect (brilliance)
 10091 | Swamp:4  | Noticed a fenstrider witch
 10095 | Swamp:4  | Killed a fenstrider witch
 10098 | Swamp:4  | XOM: enchant monster (bad)
 10102 | Swamp:4  | Noticed a fenstrider witch
 10111 | Swamp:4  | Killed a fenstrider witch
 10135 | Swamp:4  | Got a decaying rune of Zot
 10159 | Swamp:4  | Noticed a fenstrider witch
 10173 | Swamp:4  | Killed a fenstrider witch
 10173 | Swamp:4  | XOM: give mutation
 10173 | Swamp:4  | Lost mutation: You are partially covered in iridescent
                  | scales. (AC +2) [Xom's mischief]
 10222 | Swamp:4  | XOM: blink monster(s)
 10226 | Swamp:4  | XOM: noise
 10244 | Swamp:4  | XOM: chaos upgrade
 10255 | Swamp:4  | XOM: enchant monster (bad)
 10258 | Swamp:4  | HP: 1/160 [bunyip (39)]
 10258 | Swamp:4  | Annihilated by a bunyip

Illustrated notes

Levels and vault maps discovered:
D:1:      minmay_arrival_nine_rooms, layout_rooms, serial_shops,
          nicolae_shop_advertising_works [nicolae_subvault_shop_adworks],
          chequers_ecumenical_altar_simple_redux, st_stairs_7
D:2:      layout_basic
D:3:      layout_basic, nicolae_elyvilon_peaceful_grove,
          cheibrodos_sewer_entry_sluice, kennysheep_pointless_box
D:4:      layout_rooms
D:5:      layout_loops_ring, gammafunk_ghost_arena, uniq_grinder
D:6:      layout_loops_corners, temple_fountains
D:7:      layout_layer_cave, serial_shops, shop, uniq_duvessa, uniq_maggie
D:8:      layout_rooms, nicolae_overflow_hallway_of_the_gods
D:9:      layout_loops_corners, david_lair_shrubbed, nicolae_shop_clearance
D:10:     layout_loops_ring
D:11:     lemuel_reptile_caves, layout_grid_maze
D:12:     minmay_blocky_corners, layout_stronghold, hiddenorc2_lemuel,
          serial_shops, shop_statue
D:13:     layout_small_grid, david_vaults_3
D:14:     layout_long_grid, kennysheep_treasure_room
D:15:     grunt_enter_depths_giant_problem, layout_loops_corners,
          nicolae_tso_carved_into_rock
Lair:1:   layout_hall_layers, enter_volcano_2
Lair:2:   layout_roguey, nicolae_spider_entry_non_spiders, serial_forest,
          infiniplex_forest_clump_tiny, infiniplex_forest_lined_4_way,
          infiniplex_forest_lined_2, infiniplex_forest_end_1,
          ebering_ghost_inner_flame
Lair:3:   layout_chaotic_city, maelrawn_ghost_gauntlet_escape,
          grunt_forest_large_clearings, infiniplex_staircase_pool_2
Lair:4:   layout_regular_city, minmay_swamp_entry_worms, serial_bayou_pond_a,
          beast_lair_carwin_10, grunt_megastairs_5
Lair:5:   layout_loops_ring, slime_altar_1,
          portal_ice_cave_entry_animals_and_master, serial_bayou_shore_b
Lair:6:   hangedman_lair_caniforms_friends, layout_gridlike, uniq_sonja
Swamp:1:  layout_falls_marsh, evilmike_swamp_ruin_house_4, swamp_pool1
Swamp:2:  layout_basic_swamp, nicolae_swamp_big_swirl, swamp_pool1,
          infiniplex_staircase_pool
Swamp:3:  layout_falls_marsh, nicolae_swamp_fairy_circle, uniq_kirke
Swamp:4:  nzn_swamp_witches_coven, layout_basic_swamp, swamp_pool4, uniq_mara
Orc:1:    layout_caves, uniq_maurice
Orc:2:    grunt_orc_community_town_hall, layout_caves,
          grunt_orc_community_big_house_2, grunt_orc_community_big_house_2,
          grunt_orc_community_house_1, grunt_orc_community_house_2,
          grunt_orc_community_house_2, grunt_orc_community_house_1,
          ebering_ghost_reflecting_pool

Skill      XL: |  1  2  3  4  5  6  7  8  9 10 11 12 13 14 15 16 17 |
---------------+----------------------------------------------------+-----
Axes           | 4 |  4.4
Maces & Flails | 1 2 |  2.7
Long Blades    | 1 2 3 4 5 8 11 12 13 14 15 16 | 16.0
Dodging        | 2 3 4 5 6 8 10 12 | 12.7
Fighting       | 4 5 6 8 10 11 13 14 15 16 | 16.8
Evocations     | 1 2 3 4 5 8 |  8.0
Armour         | 8 10 11 13 14 | 14.2
Shields        | 1 5 9 11 12 13 | 13.3
Throwing       | 14 | 14.0

Action                   |  1- 3 |  4- 6 |  7- 9 | 10-12 | 13-15 | 16-18 || total
-------------------------+-------+-------+-------+-------+-------+-------++-------
Melee: Hand axe          |    13 |       |       |       |       |       ||    13
       Whip              |    37 |       |       |       |       |       ||    37
       Double sword      |     7 |    65 |   136 |   421 |   858 |   574 ||  2061
       Punch             |       |     1 |     4 |     3 |       |       ||     8
       Headbutt          |       |       |       |       |       |   108 ||   108
Evoke: Wand              |     1 |       |     5 |     3 |     3 |       ||    12
       Piece from Xom's  |       |       |     1 |       |       |       ||     1
       Tin of tremorston |       |       |       |       |       |     2 ||     2
  Use: Scroll            |       |     2 |     7 |     9 |     9 |     6 ||    33
       Potion            |       |       |     3 |     1 |       |       ||     4
 Stab: Paralysed         |       |       |       |     6 |     4 |       ||    10
       Confused          |       |       |       |     2 |     8 |     4 ||    14
       Distracted        |       |       |       |     2 |     1 |     4 ||     7
       Petrifying        |       |       |       |       |       |     3 ||     3
       Petrified         |       |       |       |       |       |     1 ||     1
Armor: Leather armour    |    29 |    26 |    65 |   106 |       |       ||   226
       Plate armour      |       |       |       |   190 |   175 |       ||   365
       Ice dragon scales |       |       |       |       |   344 |   254 ||   598
       Skin              |       |       |       |       |     3 |       ||     3
Dodge: Dodged            |    37 |    33 |   100 |   166 |   336 |   239 ||   911
Block: Kite shield       |       |       |       |   135 |   702 |   560 ||  1397
       Buckler           |       |       |       |       |    28 |       ||    28

Table legend: (Time is in decaauts)
 A = Elapsed time spent in this place.
 B = Non-inter-level travel time spent in this place.
 C = Inter-level travel time spent in this place.
 D = Time resting spent in this place.
 E = Time spent auto-exploring this place.
 F = Levels seen in this place.
 G = Mean time per level.
                   A        B        C        D        E       F      G
               +--------+--------+--------+--------+--------+-----+--------+
         Total |  10239 |   9366 |    873 |      0 |      0 |  30 |  341.3 |
       Dungeon |   5376 |   4919 |    457 |      0 |      0 |  15 |  358.4 |
          Lair |   2650 |   2353 |    297 |      0 |      0 |   6 |  441.7 |
         Swamp |    897 |    883 |     14 |      0 |      0 |   4 |  224.2 |
  Orcish Mines |    859 |    754 |    105 |      0 |      0 |   2 |  429.5 |
         Sewer |    192 |    192 |      0 |      0 |      0 |   1 |  192.0 |
      Ice Cave |     90 |     90 |      0 |      0 |      0 |   1 |   90.0 |
       Volcano |    173 |    173 |      0 |      0 |      0 |   1 |  173.0 |
               +--------+--------+--------+--------+--------+-----+--------+

Top non-repeatable levels by time:
   Orc:2: 739 daAuts
  Lair:6: 687 daAuts
     D:9: 674 daAuts
     D:6: 539 daAuts
    D:12: 466 daAuts
  Lair:2: 459 daAuts
  Lair:5: 457 daAuts
    D:11: 454 daAuts
    D:15: 436 daAuts
  Lair:1: 418 daAuts
 Swamp:4: 409 daAuts
     D:7: 367 daAuts
  Lair:3: 344 daAuts
    D:13: 317 daAuts
    D:10: 314 daAuts
